Map: Berlingrad LE

Players

doha

  • Race: Zerg Zerg
  • League: Diamond
  • Spawn Location: 5:00

Nimzo - Winner!

  • Race: Zerg Zerg
  • League: Master
  • Spawn Location: 11:00

VOD

Have the link to the VOD?

Description

Time

  • Played on: June 4, 2022, 5:38 a.m.
  • Length: 7:30
Show
View Real Time Build Order
Export as new Build Order

doha Zerg 

Build Orders: Hatch First 

Get SALT Encoding   

  12  0:00  Drone  
  13  0:13  Overlord  
  13  0:19  Drone  
  14  0:31  Drone x2  
  16  0:49  Hatchery  
  15  0:52  Drone  
  15  0:56  Drone  
  17  0:59  Drone  
  18  1:08  Extractor  
  17  1:16  Spawning Pool  
  16  1:19  Drone  
  16  1:24  Drone  
  18  1:30  Drone  
  19  2:03  Zergling x2  
  19  2:04  Zergling x6  
  22  2:19  Zergling x2  
  22  2:20  Zergling x2  
  19  2:29  Drone x2  
  21  2:38  Drone  
  22  2:54  Drone x3  
  25  3:03  Queen  
  27  3:08  Drone  
  28  3:16  Overlord  
  28  3:45  Evolution Chamber x2  
  26  3:48  Roach Warren  
  26  3:54  Queen  
  26  3:58  Drone x3  
  26  3:59  Drone  
  30  4:03  Spine Crawler  
  30  4:07  Drone  
  30  4:08  Drone  
  31  4:26  Zerg Missile Weapons Level 1  
  31  4:28  Lair  
  31  4:29  Overlord  
  31  4:42  Drone x4  
  35  4:47  Extractor  
  35  4:51  Overlord  
  34  5:08  Overlord  
  34  5:09  Drone  
  34  5:10  Drone x5  
  34  5:14  Overlord  
  40  5:19  Overlord  
  40  5:26  Glial Reconstitution  
  40  5:40  Roach  
  40  5:41  Roach x3  
  47  5:46  Drone x2  
  47  5:47  Drone  
  50  6:13  Overlord  
  50  6:14  Roach  
  50  6:15  Roach x4  
  50  6:17  Hatchery  
  50  6:18  Spore Crawler  
  58  6:21  Spore Crawler  
  58  6:25  Roach  
  59  6:40  Roach x6  
  71  6:56  Roach x2  
  75  7:03  Drone  
  75  7:05  Spore Crawler  
  75  7:09  Drone, Hatchery  
Show
View Real Time Build Order
Export as new Build Order

Nimzo Zerg - Winner!

Build Orders: Pool First 

Get SALT Encoding   

  12  0:18  Spawning Pool  
  11  0:22  Drone  
  11  0:26  Drone  
  13  0:30  Drone  
  14  0:40  Overlord  
  14  1:06  Zergling x6  
  17  1:16  Hatchery  
  17  1:18  Zergling x2  
  17  1:29  Zergling x2  
  18  1:34  Queen  
  18  1:38  Drone  
  21  1:50  Overlord  
  21  2:00  Drone  
  22  2:12  Drone  
  22  2:16  Queen  
  24  2:26  Drone  
  25  2:32  Queen  
  25  2:35  Drone x2  
  25  2:37  Extractor  
  27  2:44  Drone x2  
  29  2:46  Overlord  
  29  2:49  Drone x2  
  29  2:50  Drone  
  32  2:58  Drone  
  33  3:07  Drone x2  
  33  3:12  Drone  
  36  3:16  Evolution Chamber  
  35  3:21  Drone  
  36  3:28  Drone x2  
  38  3:36  Roach Warren  
  38  3:39  Drone x4  
  41  3:45  Drone x2  
  41  3:46  Overlord  
  43  3:50  Lair  
  43  3:54  Extractor  
  43  3:55  Drone  
  43  3:58  Drone  
  43  4:03  Overlord x2  
  43  4:05  Extractor  
  43  4:06  Drone, Extractor  
  43  4:09  Drone x2  
  44  4:20  Zerg Melee Weapons Level 1  
  49  4:24  Drone x5  
  49  4:35  Drone  
  49  4:36  Drone  
  49  4:37  Metabolic Boost, Overlord x2  
  51  4:54  Drone  
  51  4:57  Hatchery  
  51  5:02  Spire, Overlord  
  51  5:06  Overlord  
  50  5:08  Overseer  
  50  5:31  Drone  
  50  5:32  Spine Crawler x2, Drone x3  
  50  5:34  Spine Crawler  
  50  5:35  Spine Crawler  
  50  5:40  Zergling x14  
  57  5:49  Baneling Nest, Drone  
  57  6:10  Drone x6  
  57  6:11  Drone x4  
  67  6:19  Mutalisk  
  67  6:20  Mutalisk x3  
  67  6:23  Mutalisk  
  77  6:32  Mutalisk x2  
  79  6:40  Mutalisk  
  79  6:42  Overlord x2  
  81  6:47  Extractor x2  
  81  6:53  Mutalisk  
  81  6:54  Mutalisk  
Tags
 
Add a new tag
Caveats
  • Supply blocks, unpowered buildings, or Contaminate may cause inaccurate times.
  • Supply counts are checked every 10 seconds.